 Dungeon Crawl Stone Soup version 0.23-a0-494-g91793a9df2 (webtiles) character file.

45 Flugkiller the Grave Robber (level 3, 0/30 HPs)
             Began as a Ghoul Necromancer on Dec 3, 2018.
             Slain by Natasha (2 damage)
             ... on level 2 of the Dungeon.
             The game lasted 00:04:08 (1621 turns).

Flugkiller the Grave Robber (Ghoul Necromancer)     Turns: 1621, Time: 00:04:09

Health: 0/30       AC:  7    Str: 11    XL:     3   Next: 64%
Magic:  2/4        EV: 10    Int: 11    God:
Gold:   85         SH:  0    Dex:  9    Spells: 3/5 levels left

rFire    . . .     SeeInvis .     - Unarmed
rCold    + . .     Gourm    .   (no shield)
rNeg     + + +     Faith    .   e - +0 ring mail
rPois    ∞         Spirit   .   m - +1 helmet
rElec    .         Reflect  .   (no cloak)
rCorr    .         Harm     .   (no gloves)
MR       .....                  (no boots)
Stlth    +.........             (no amulet)
HPRegen  0.00/turn              (no ring)
MPRegen  0.09/turn              (no ring)

@: rotting, slowed, very slow
A: rotting body, claws 1, carnivore, cold resistance 1, negative energy
resistance 3, inhibited regeneration, torment resistance, unbreathing
a: no special abilities


You were on level 2 of the Dungeon.
You were not hungry.

You visited 1 branch of the dungeon, and saw 2 of its levels.

You collected 85 gold pieces.

Inventory:

Armour
 a - a +0 robe
 e - a +0 ring mail (worn)
   (You found it on level 1 of the Dungeon)
 i - a +0 buckler
   (You found it on level 2 of the Dungeon)
 m - a +1 helmet (worn)
   (You found it on level 2 of the Dungeon)
Potions
 b - a potion of degeneration {unknown}
 d - 2 potions of might {unknown}
 g - a potion of mutation {unknown}
 j - a potion of magic {unknown}
 l - a potion of curing {unknown}
Comestibles
 c - 9 rations


   Skills:
 + Level 2.3 Fighting
 - Level 1.7 Dodging
 - Level 2.1 Stealth
 + Level 2.3 Unarmed Combat
 - Level 1.7 Spellcasting
 - Level 4.0 Necromancy


You had 3 spell levels left.
You knew the following spells:

 Your Spells              Type           Power        Failure   Level  Hunger
a - Pain                  Necr           #...         14%         1    ##.....
b - Animate Skeleton      Necr           N/A          14%         1    ##.....

Your spell library contained the following spells:

 Spells                   Type           Power        Failure   Level  Hunger
 Vampiric Draining        Necr           #.........   38%         3    ####...
 Regeneration             Chrm/Necr      #.........   67%         3    ####...
 Animate Dead             Necr           N/A          80%         4    #####..


Dungeon Overview and Level Annotations

Branches:
Dungeon (2/15)

Altars:

Annotations:
D:2 Natasha


Innate Abilities, Weirdness & Mutations

Your body is rotting away.
You thrive on raw meat.
You are immune to poison.
You have sharp fingernails.
You are carnivorous and can eat meat at any time.
Your flesh is cold resistant. (rC+)
You are immune to negative energy. (rN+++)
You do not regenerate when monsters are visible.
You are immune to unholy pain and torment.
You can survive without breathing.


Message History

You scratch Natasha.
Natasha is moderately wounded.
Natasha misses you. Natasha closely misses you.
Unknown command.
You scratch Natasha but do no damage.
Natasha is moderately wounded.
Natasha casts a spell.
Unknown command.
Your ring mail prevents you from hitting Natasha.
Natasha is moderately wounded.
Natasha barely misses you. The white imp hits you.
* * * LOW HITPOINT WARNING * * *
The white imp freezes you. You resist.
* * * LOW HITPOINT WARNING * * *
Natasha claws you.
* * * LOW HITPOINT WARNING * * *
You barely miss Natasha.
Natasha is moderately wounded.
The white imp misses you. Natasha claws you but does no damage.
Unknown command.
You closely miss Natasha.
Natasha is moderately wounded.
The white imp closely misses you. Natasha claws you but does no damage.
The white imp closely misses you.
Unknown command.
As you read the scroll labeled TINLIU XAECSE, it crumbles to dust.
You feel aware of your surroundings.
You sensed 1 altar.
It was a scroll of magic mapping.
Natasha wildly gestures.
Natasha glows brightly for a moment.
Natasha barely misses you.
The white imp hits you but does no damage.
Natasha closely misses you.
Unknown command.
You scratch Natasha.
Natasha is moderately wounded.
The white imp hits you.
* * * LOW HITPOINT WARNING * * *
The white imp freezes you. You resist.
* * * LOW HITPOINT WARNING * * *
Natasha closely misses you.
The white imp hits you but does no damage.
You completely miss Natasha.
Natasha is moderately wounded.
Natasha claws you but does no damage. The white imp gestures at you.
The puff of frost hits you! You resist.
* * * LOW HITPOINT WARNING * * *
Natasha claws you.
You die...

.# #...#### #.#*,* .# #...#
#.#*,* .# #...# #.#*,* ÷#
#...# #Z#*,* .# ##'## #.#*,*
.#########.# #.#*,*
...........# #.#*,*
#########################.#*,*
,,,,,.........5h@5........#*,*
*****######################*,*
,,,,,,,,,,,,,,,,,,,,,,,,,,,,,*
****************************,*
*,* *,* ***


You could see Natasha and 2 white imps.

Vanquished Creatures
  A dart slug (D:2)
  A leopard gecko (D:1)
  2 bats
  A giant cockroach (D:2)
  8 goblins
  6 hobgoblins (D:1)
  4 jackals
  8 kobolds
  A quokka (D:2)
  2 frilled lizards (D:1)
  A rat (D:2)
35 creatures vanquished.

Vanquished Creatures (collateral kills)
  A goblin (D:1)
  A rat (D:1)
2 creatures vanquished.

Grand Total: 37 creatures vanquished

Notes
Turn   | Place    | Note
-------+----------+-------------------------------------------
     0 | D:1      | Flugkiller the Ghoul Necromancer began the quest for the
                  | Orb.
     0 | D:1      | Reached XP level 1. HP: 14/14 MP: 2/2
    54 | D:1      | Learned a level 1 spell: Animate Skeleton
   143 | D:1      | Reached skill level 1 in Fighting
   143 | D:1      | Reached skill level 1 in Unarmed Combat
   143 | D:1      | Reached XP level 2. HP: 23/23 MP: 3/3
   619 | D:1      | Reached XP level 3. HP: 15/29 MP: 2/4
  1587 | D:2      | Noticed Natasha
  1621 | D:2      | Slain by Natasha

Vault maps used:
D:1:      mainiacjoe_arrival_reflecting_pool
D:2:      grunt_gozag_breadcrumbs, uniq_sigmund, uniq_natasha

Skill      XL: |  1  2  3 |
---------------+----------+-----
Fighting       | 1 2 |  2.3
Unarmed Combat | 1 2 |  2.3
Dodging        | |  1.7
Stealth        | |  2.1
Spellcasting   | |  1.7
Necromancy     | |  4.0

Action                   || total
-------------------------++-------
Melee: Unarmed           ||   136
       Punch             ||     1
 Cast: Animate Skeleton  ||    13
       Pain              ||    10
  Use: Scroll            ||     2
 Stab: Sleeping          ||     4
  Eat: Chunk             ||    14
Armor: Robe              ||     2
       Ring mail         ||    24
Dodge: Dodged            ||    81

Table legend:
 A = Non-vault XP
 B = Vault XP
 C = Vault XP percentage of total XP
 D = Non-vault monster count
 E = Vault monster count
 F = Vault count percentage of total count
                 A         B        C        D         E       F
            +---------+---------+-------+---------+---------+-------
      Total |      65 |       0 |   0.0 |      37 |       0 |   0.0
            +---------+---------+-------+---------+---------+-------
        D:1 |      43 |       0 |   0.0 |      24 |       0 |   0.0
        D:2 |      22 |       0 |   0.0 |      13 |       0 |   0.0
            +---------+---------+-------+---------+---------+-------
